 Dungeon Crawl Stone Soup version 0.23.1 (webtiles) character file.

Game seed: 13527820061325314820

189 Chiseanne the Covert (level 5, -2/25 HPs)
             Began as a Spriggan Assassin on Mar 5, 2019.
             Slain by Natasha (5 damage)
             ... on level 3 of the Dungeon.
             The game lasted 00:07:30 (2860 turns).

Chiseanne the Covert (Spriggan Assassin)            Turns: 2860, Time: 00:07:31

Health: -2/25      AC: 10    Str:  7    XL:     5   Next: 40%
Magic:  6/6        EV: 17    Int: 13    God:
Gold:   128        SH:  0    Dex: 18    Spells: 4/4 levels left

rFire    . . .     SeeInvis +   a - +3 dagger (protect)
rCold    . . .     Gourm    .   (shield restricted)
rNeg     . . .     Faith    .   c - +0 robe
rPois    .         Spirit   .   (helmet restricted)
rElec    .         Reflect  .   d - +0 cloak
rCorr    .         Harm     .   (gloves unavailable)
MR       .....                  (boots unavailable)
Stlth    +++++.....             (no amulet)
HPRegen  0.08/turn              (no ring)
MPRegen  0.10/turn              (no ring)

@: protection aura, very quick
A: very small, unfitting armour, see invisible, herbivore, speed 3, slow
metabolism 2
a: no special abilities


You were on level 3 of the Dungeon.
You were not hungry.

You visited 1 branch of the dungeon, and saw 3 of its levels.

You collected 128 gold pieces.

Inventory:

Hand Weapons
 a - a +3 dagger of protection (weapon)
 w - a +0 blowgun
Missiles
 e - 8 poisoned needles
 f - 9 curare-tipped needles
 h - 49 stones (quivered)
 k - 19 bolts
 m - 39 arrows
 q - 18 sling bullets
Armour
 c - a +0 robe (worn)
 d - a +0 cloak (worn)
Scrolls
 b - a scroll of teleportation
Potions
 i - a potion of brilliance {unknown}
 p - a potion of heal wounds {unknown}
 r - a potion of agility
Comestibles
 g - 2 rations


   Skills:
 - Level 1.5 Fighting
 - Level 2.1 Short Blades
 - Level 2.0 Throwing
 * Level 1.5 Dodging
 - Level 10.2 Stealth


You had 4 spell levels left.
You didn't know any spells.
Your spell library was empty.

Dungeon Overview and Level Annotations

Branches:
Dungeon (3/15)

Altars:
Okawaru
Ru
Uskayaw

Annotations:
D:3 Natasha


Innate Abilities, Weirdness & Mutations

You are very small and have problems with some larger weapons.
You are too small for most types of armour.
You have supernaturally acute eyesight. (SInv)
You are a herbivore.
You cover ground extremely quickly.
You need to consume almost no food.


Message History

The frilled lizard misses you.
Natasha stares at you and mumbles some strange words.
The magic dart hits you but does no damage.
You hit Natasha.
Natasha is moderately wounded.
The frilled lizard barely misses you.
You miss Natasha.
Natasha is moderately wounded.
Natasha claws you!
You hit Natasha.
Natasha is heavily wounded.
The frilled lizard closely misses you. Natasha claws you.
* * * LOW HITPOINT WARNING * * *
You barely miss Natasha.
Natasha is heavily wounded.
The frilled lizard hisses.
The frilled lizard completely misses you.
Natasha growls.
Natasha claws you.
You die...

#...####..## #####
##..#########
#..........#
#..........###
##............. ###
######..............
#)..#(.....###..#....###
.......l..## #.#####.###
......h@...# #.# #....
...........# ###..
...........# ##..
..........## #..#
#...##...## ###.## ####
###.# #...# .[
#.######.#### ..
.............
#.######.####


You could see Natasha and a frilled lizard.

Vanquished Creatures
  Natasha (twice) (D:3)
  3 gnolls (D:2)
  3 adders
  3 worms (D:2)
  2 dart slugs
  3 leopard geckos
  4 giant cockroaches
  8 goblins
  5 hobgoblins
  13 jackals
  A quokka (D:2)
  6 bats
  2 frilled lizards (D:2)
  5 kobolds
  10 rats
70 creatures vanquished.

Notes
Turn   | Place    | Note
-------+----------+-------------------------------------------
     0 | D:1      | Chiseanne the Spriggan Assassin began the quest for the
                  | Orb.
     0 | D:1      | Reached XP level 1. HP: 10/10 MP: 2/2
   112 | D:1      | Reached skill level 6 in Stealth
   379 | D:1      | Reached XP level 2. HP: 14/14 MP: 3/3
   438 | D:1      | Reached skill level 7 in Stealth
   850 | D:1      | Reached XP level 3. HP: 18/18 MP: 4/4
  1324 | D:2      | Reached skill level 8 in Stealth
  1439 | D:2      | Reached XP level 4. HP: 16/22 MP: 5/5
  1545 | D:2      | Reached skill level 9 in Stealth
  1875 | D:2      | Found a sacrificial altar of Ru.
  1875 | D:2      | Found an iron altar of Okawaru.
  1875 | D:2      | Found a hide-covered altar of Uskayaw.
  2519 | D:3      | Noticed Natasha
  2526 | D:3      | Killed Natasha
  2526 | D:3      | Reached XP level 5. HP: 25/25 MP: 6/6
  2611 | D:3      | Noticed Natasha
  2628 | D:3      | Killed Natasha
  2628 | D:3      | Reached skill level 10 in Stealth
  2727 | D:3      | Noticed Natasha
  2860 | D:3      | Slain by Natasha

Skill      XL: |  1  2  3  4  5 |
---------------+----------------+-----
Stealth        | 6 7 8 9 10 | 10.2
Fighting       | |  1.5
Short Blades   | |  2.1
Throwing       | |  2.0
Dodging        | |  1.5

Action                   |  1- 3 |  4- 6 || total
-------------------------+-------+-------++-------
Melee: Dagger            |    82 |   124 ||   206
 Fire: Blowgun           |    10 |     9 ||    19
  Use: Scroll            |       |     6 ||     6
       Potion            |       |     1 ||     1
 Stab: Sleeping          |    17 |    15 ||    32
  Eat: Ration            |     1 |       ||     1
Armor: Robe              |     5 |    14 ||    19
Dodge: Dodged            |    67 |    99 ||   166
